 Dungeon Crawl Stone Soup version 0.20.1-1-g8b1a95d (webtiles) character file.

136 yevrey the Stinger (level 4, -21/33 HPs)
             Began as a Draconian Venom Mage on Oct 20, 2017.
             Killed from afar by an orc (25 damage)
             ... with an exploding inner flame
             ... hexed by the player character
             ... on level 3 of the Dungeon.
             The game lasted 00:13:22 (2941 turns).

yevrey the Stinger (Draconian Venom Mage)           Turns: 2941, Time: 00:13:22

Health: -21/33     AC:  5    Str: 11    XL:     4   Next: 98%
Magic:  4/8        EV: 15    Int: 19    God:
Gold:   91         SH:  0    Dex: 11    Spells: 2/8 levels left

rFire    . . .     SeeInvis .   s - +1 dagger (speed)
rCold    . . .     Gourm    .   (no shield)
rNeg     . . .     Faith    .   (armour unavailable)
rPois    .         Spirit   .   (helmet restricted)
rElec    .         Reflect  .   (no cloak)
rCorr    .         Harm     .   (no gloves)
MR       .....                  (no boots)
Stlth    +.........             (no amulet)
Regen    0.2/turn               h - +3 ring of evasion
MPRegen  0.2/turn               o - +3 ring of intelligence

@: confused, flying, hasted, very quick
A: unfitting armour, cold-blooded, AC +5
a: no special abilities


You were on level 3 of the Dungeon.
You were hungry.

You visited 1 branch of the dungeon, and saw 3 of its levels.

You collected 91 gold pieces.

Inventory:

Hand Weapons
 l - a +0 spear of venom
 s - a +1 dagger of speed (weapon)
Armour
 r - a cursed -1 shield
Jewellery
 h - a +3 ring of evasion (left hand)
 o - a +3 ring of intelligence (right hand)
Wands
 m - a wand of clouds (8/9)
Scrolls
 d - a scroll of amnesia
 f - a scroll of recharging
 k - 2 scrolls of enchant weapon {unknown}
 n - a scroll of blinking {unknown}
 q - 2 scrolls of teleportation {unknown}
Potions
 p - a potion of brilliance {unknown}
Books
 a - a Young Poisoner's Handbook

   Spells                             Type                      Level
   a - Sting                          Conjuration/Poison           1
   b - Poisonous Vapours              Poison/Air                   2
   c - Mephitic Cloud                 Conjuration/Poison/Air       3
   d - Olgreb's Toxic Radiance        Poison                       4
   e - Venom Bolt                     Conjuration/Poison           5
Comestibles
 b - 2 bread rations
 c - 4 fruits
 t - a chunk of flesh


   Skills:
 + Level 0.2 Fighting
 + Level 0.4 Short Blades
 - Level 2.0 Dodging
 - Level 2.0 Stealth
 + Level 1.9 Unarmed Combat
 + Level 2.8 Spellcasting
 + Level 1.5 Conjurations
 + Level 1.3 Air Magic
 + Level 3.8 Poison Magic


You had 2 spell levels left.
You knew the following spells:

 Your Spells              Type           Power        Failure   Level  Hunger
a - Sting                 Conj/Pois      ##..         5%          1    None
b - Poisonous Vapours     Pois/Air       ##....       9%          2    ##.....
c - Mephitic Cloud        Conj/Pois/Air  ##......     19%         3    ###....


Dungeon Overview and Level Annotations

Branches:
Dungeon (3/15)

Altars:


Innate Abilities, Weirdness & Mutations

Your plain brown scales are hard. (AC +5)
You cannot fit into any form of body armour.
You are cold-blooded and may be slowed by cold attacks.


Message History

It was a potion of flight.
You feel very buoyant.
You fly up into the air.
The orc misses you.
The orc is engulfed in noxious fumes.
The orc appears confused.
The orc barely misses the orc.
The orc is engulfed in noxious fumes.
The orc appears confused.
The orc hits the orc but does no damage.
You hear some strange, mumbled words.
A magic dart appears from out of thin air!
The magic dart hits you!
* * * LOW HITPOINT WARNING * * *
It was a potion of haste.
You feel yourself speed up.
The orc is engulfed in noxious fumes.
The orc completely misses you.
The orc is engulfed in noxious fumes.
The orc appears confused.
The orc explodes!
The fiery explosion engulfs the orc.
The orc explodes!
The fiery explosion engulfs you!
Ouch! That really hurt!
You die...

## .. ##o .) .#
#####)## # #§##§§?#
#. #@§o§§.#
#.####§##§§.#
#......##...#
######....####...#
#...##.##.######## #
#...##.##....######.#
#...##.#####........#
#.<...<#............#
#...##.#.#.........##


You could see an orc (inner flame).

Vanquished Creatures
  2 hound skeletons (D:2)
  2 adders
  3 adder zombies (D:2)
  A worm (D:1)
  2 adder skeletons (D:2)
  2 dart slugs (D:2)
  A leopard gecko (D:1)
  4 orcs (D:3)
  8 bats
  A bat skeleton (D:2)
  2 giant cockroaches
  5 goblins
  8 hobgoblins
  7 jackals (D:2)
  6 kobolds
  A quokka (D:2)
  4 frilled lizards
  A leopard gecko skeleton (D:2)
  4 rats
64 creatures vanquished.

Notes
Turn   | Place    | Note
-------+----------+-------------------------------------------
     0 | D:1      | yevrey the Draconian Venom Mage began the quest for the Orb.
     0 | D:1      | Reached XP level 1. HP: 14/14 MP: 3/3
   745 | D:1      | Reached XP level 2. HP: 20/20 MP: 1/5
   749 | D:1      | Learned a level 2 spell: Poisonous Vapours
  1600 | D:2      | Reached XP level 3. HP: 26/26 MP: 3/6
  1770 | D:2      | Learned a level 3 spell: Mephitic Cloud
  1803 | D:2      | Reached skill level 1 in Unarmed Combat
  2091 | D:2      | Reached skill level 1 in Air Magic
  2091 | D:2      | Reached XP level 4. HP: 30/33 MP: 7/7
  2941 | D:3      | Killed from afar by an orc

Skill      XL: |  1  2  3 |
---------------+----------+-----
Stealth        | 2 |  2.0
Dodging        | 2 |  2.0
Unarmed Combat | 1 |  1.9
Air Magic      | 1 |  1.3
Fighting       | |  0.2
Short Blades   | |  0.4
Spellcasting   | |  2.8
Conjurations   | |  1.5
Poison Magic   | |  3.8

Action                   |  1- 3 |  4- 6 || total
-------------------------+-------+-------++-------
Melee: Unarmed           |   105 |    55 ||   160
       Tailslap          |    12 |     6 ||    18
       Dagger            |       |    43 ||    43
 Cast: Sting             |    31 |     3 ||    34
       Poisonous Vapours |    18 |    15 ||    33
       Mephitic Cloud    |     1 |     1 ||     2
Evoke: Wand              |       |     1 ||     1
  Use: Scroll            |       |     6 ||     6
       Potion            |       |     3 ||     3
 Stab: Sleeping          |       |     1 ||     1
  Eat: Chunk             |     6 |     3 ||     9
Armor: Skin              |    32 |    36 ||    68
Dodge: Dodged            |    71 |    58 ||   129
